 Dungeon Crawl Stone Soup version 0.20-a0-1126-g0f15420 (webtiles) character file.

209 mopl the Sneak (level 5, -1/29 HPs)
             Began as a Deep Elf Assassin on May 17, 2017.
             Was an Initiate of Kikubaaqudgha.
             Slain by an orc
             ... wielding a +0 mace
              (3 damage)
             ... on level 4 of the Dungeon.
             The game lasted 00:06:51 (4070 turns).

mopl the Sneak (Deep Elf Assassin)                  Turns: 4070, Time: 00:06:52

Health: -1/29      AC:  4    Str:  8    XL:     5   Next: 55%
Magic:  7/7        EV: 12    Int: 16    God:    Kikubaaqudgha [......]
Gold:   165        SH:  0    Dex: 17    Spells: 2/4 levels left

rFire    + . .     SeeInvis .   a - +2 dagger (venom)
rCold    + . .     Gourm    .   (no shield)
rNeg     . . .     Faith    .   c - +0 robe
rPois    .         Spirit   .   I - +0 helmet (curse)
rElec    .         Reflect  .   s - scarf {rC+ rF+}
rCorr    +         Harm     .   (no gloves)
MR       .....                  u - +0 pair of boots
Stlth    ++++......             (no amulet)
Regen    0.1/turn               C - ring of resist corrosion
MPRegen  0.1/turn               (no ring)

@: no status effects
A: no striking features
a: Renounce Religion


You were on level 4 of the Dungeon.
You worshipped Kikubaaqudgha.
Kikubaaqudgha was noncommittal.
You were not hungry.

You visited 1 branch of the dungeon, and saw 4 of its levels.

You collected 165 gold pieces.

Inventory:

Hand Weapons
 a - a +2 dagger of venom (weapon)
 b - a +0 blowgun
 i - a +1 dagger of freezing
 y - a +0 trident of freezing
Missiles
 e - 22 poisoned needles
 f - 8 curare-tipped needles
 n - 4 tomahawks (quivered)
Armour
 c - a +0 robe (worn)
 s - a scarf of resistance (worn)
 u - a +0 pair of boots (worn)
 I - a cursed +0 helmet (worn)
Jewellery
 C - a ring of resist corrosion (left hand)
Wands
 v - a wand of iceblast (8/15)
 x - a wand of polymorph (10/24)
 H - a wand of random effects (27/48)
Scrolls
 h - 3 scrolls of amnesia {unknown}
 j - 4 scrolls of remove curse {unknown}
 k - a scroll of recharging {unknown}
 o - a scroll of enchant armour {unknown}
 p - a scroll of enchant weapon {unknown}
 t - 2 scrolls of teleportation {unknown}
 F - 2 scrolls of identify {unknown}
Potions
 d - a potion of invisibility {unknown}
 l - 4 potions of heal wounds {unknown}
 m - 4 potions of mutation {unknown}
 w - a potion of curing {unknown}
 z - a potion of flight {unknown}
 B - a potion of degeneration {unknown}
 D - 3 potions of cancellation {unknown}
 E - a potion of resistance {unknown}
Books
 G - a book of Minor Magic

   Spells                             Type                      Level
   a - Magic Dart                     Conjuration                  1
   b - Blink                          Translocation                2
   c - Call Imp                       Summoning                    2
   d - Slow                           Hexes                        2
   e - Conjure Flame                  Conjuration/Fire             3
   f - Mephitic Cloud                 Conjuration/Poison/Air       3
Comestibles
 g - 5 bread rations
 r - 2 royal jellies
 A - 7 fruits


   Skills:
 - Level 1.5 Fighting
 + Level 3.4 Short Blades
 + Level 3.4 Throwing
 - Level 1.2 Dodging
 * Level 6.6 Stealth
 + Level 0.0 Necromancy
 + Level 0.2 Translocations
 + Level 1.3 Evocations


You had 2 spell levels left.
You knew the following spells:

 Your Spells              Type           Power        Failure   Level  Hunger
e - Blink                 Tloc           N/A          34%         2    ###....


Dungeon Overview and Level Annotations

Branches:
Dungeon (4/15)
 Temple: D:4-7

Altars:
Gozag
Kikubaaqudgha
Nemelex Xobeh
Okawaru
Xom
Zin


Message History

You now have 165 gold pieces (gained 6).
g - 5 bread rations (gained 1)
Found a stone staircase leading down.
Found a whip.
An orc comes into view.
It is wielding a mace. 2 orc priests come into view.
The orc priest shouts!
The orc shouts!
An orc wizard comes into view. It is wielding a dagger.
You see here a scroll labeled IWKE JORGHURUNEXA.
The orc cheers to no one in particular.
The orc priest mumbles some strange prayers to Beogh against you.
Beogh smites you!
The orc priest mumbles some strange prayers to Beogh against you.
Pain shoots through your body!
* * * LOW HITPOINT WARNING * * *
The orc priest looks encouraged for a moment.
There is a stone staircase leading down here.
You barely miss the orc. The orc hits you with a mace.
You die...
Kikubaaqudgha rasps: "You have failed me!
Welcome... death!"

#### ##..## .#
#.)..# #. .# ##
##...#### #.. .##
#.# ##.o...## ##.#
###.##.#
##.@####.## ##..#
##.....# ##...#
##.##...# .......#
###....# #.....#
.###...####......#
##...## ##
###.##.....#..#
##.## #
#......###..#
#.o######.
#.....## #..#
#..?....o.
#......# #..#
#......o..
..........## ..#
#.#######.


You could see an orc.

Vanquished Creatures
  Jessica (D:2)
  An iguana (D:4)
  Terence (D:2)
  Robin (D:4)
  4 adders
  An ooze (D:1)
  2 worms
  3 dart slugs
  2 leopard geckos
  2 ball pythons
  5 bats
  5 giant cockroaches
  18 goblins
  7 hobgoblins
  4 frilled lizards
  7 kobolds
  7 rats
  A plant (D:2)
72 creatures vanquished.

Notes
Turn   | Place    | Note
-------+----------+-------------------------------------------
     0 | D:1      | mopl the Deep Elf Assassin began the quest for the Orb.
     0 | D:1      | Reached XP level 1. HP: 12/12 MP: 3/3
    68 | D:1      | Reached skill level 5 in Stealth
   266 | D:1      | Reached XP level 2. HP: 14/16 MP: 4/4
  1056 | D:1      | Reached XP level 3. HP: 20/20 MP: 5/5
  1082 | D:2      | Found a faded altar of an unknown god.
  1127 | D:2      | Noticed Jessica
  1130 | D:2      | Killed Jessica
  1157 | D:2      | Found an iron altar of Okawaru.
  1158 | D:2      | Found an opulent altar of Gozag.
  1159 | D:2      | Found a shimmering altar of Xom.
  1333 | D:2      | Reached XP level 4. HP: 23/25 MP: 6/6
  1388 | D:2      | Reached skill level 3 in Short Blades
  1671 | D:2      | Noticed Terence
  1684 | D:2      | Killed Terence
  1684 | D:2      | Reached skill level 3 in Throwing
  1684 | D:2      | Reached skill level 6 in Stealth
  2058 | D:3      | Found a sparkling altar of Nemelex Xobeh.
  2131 | D:3      | Found a glowing silver altar of Zin.
  2173 | D:3      | Reached XP level 5. HP: 28/29 MP: 7/7
  2499 | D:3      | Learned a level 2 spell: Blink
  3102 | D:4      | Noticed Robin
  3704 | D:3      | Reached skill level 1 in Evocations
  3935 | D:4      | Killed Robin
  3952 | D:4      | Found an ancient bone altar of Kikubaaqudgha.
  3960 | D:4      | Became a worshipper of Kikubaaqudgha
  4070 | D:4      | Slain by an orc

Vault maps used:
D:1:      dpeg_arrival_radiant, serial_glass, glass_columns_b, glass_columns_c,
          glass_columns_c, glass_columns_c, glass_columns_b, glass_columns_a,
          glass_columns_a, glass_columns_c
D:2:      grunt_temple_overflow_open, chequers_ecumenical_altar_simple_redux,
          serial_bayou_lagoon_a, uniq_terence, uniq_jessica
D:3:      nicolae_overflow_crystal_walls, nemelex_diamond_rough_becter
D:4:      kiku_gazebo_garden_becter, minmay_temple_entry_enclosed_plants,
          kennysheep_small_circle, uniq_robin

Skill      XL: |  1  2  3  4  5 |
---------------+----------------+-----
Stealth        | 5 6 |  6.6
Short Blades   | 3 |  3.4
Throwing       | 3 |  3.4
Evocations     | 1 |  1.3
Fighting       | |  1.5
Dodging        | |  1.2
Translocations | |  0.2

Action                   |  1- 3 |  4- 6 || total
-------------------------+-------+-------++-------
Melee: Dagger            |    81 |    97 ||   178
 Fire: Blowgun           |     3 |     8 ||    11
 Cast: Blink             |       |     1 ||     1
 Stab: Sleeping          |     9 |     4 ||    13
  Eat: Chunk             |     1 |     8 ||     9
       Fruit             |       |     1 ||     1
Armor: Robe              |    22 |    14 ||    36
Dodge: Dodged            |    41 |    69 ||   110
